AoeStats
← Iguano Pop

Arabia

507920555Analyzed
1v1 RM · 13d ago on Sep 20, 2026· 31m 7s· 2 players
Game mode
Random Map
Map size
Tiny (2 player)
Population
200
Speed
Normal
Resources
Standard
Victory
Conquest
Starting age
Dark Age
Ending age
Imperial Age
RankedLock teamsTeams togetherTeam positionsShared explorationLock speedFull tech treeHidden civsTurbo modeCheats
Victory
Defeat
🇹🇼 Wu · Taiwan
1416
+13
🇲🇽 Ethiopians · Mexico
1348
-13
FunKyeAoE
11:33 Feudal Age
9:53 Loom
11:40 Feudal Age
15:49 Castle Age
14:14 Horse Collar
15:48 Double-Bit Axe
16:12 Scale Mail Armor
20:54 Scale Mail Armor
23:21 Squires
26:27 Arson
28:31 Wheelbarrow
27:55 Town Watch
29:56 Chain Mail Armor
30:43 Bow Saw
Iguano Pop
6:51 Loom
9:23 Feudal Age
9:30 Man-at-Arms
9:58 Man-at-Arms
10:40 Town Watch
18:01 Fletching
18:46 Scale Mail Armor
20:56 Padded Archer Armor
26:44 Double-Bit Axe
27:13 Forging
Connection lost

Rejoining the realm…

Still unreachable

The connection could not be restored.

Session expired

The server has moved on; the page needs a fresh start.